 Dungeon Crawl Stone Soup version 0.31-a0-1576-ga3383bade6 (webtiles) character file.

Game seed: 8325363802358570861

571 lunkers the Magician (level 7, -7/45 HPs)
             Began as a Djinni Air Elementalist on Jan 4, 2024.
             Mangled by a gnoll bouda
             ... wielding a +0 whip
              (10 damage)
             ... on level 4 of the Dungeon.
             The game lasted 00:05:06 (4093 turns).

lunkers the Magician (Djinni Air Elementalist)      Turns: 4093, Time: 00:05:07

Health: -7/45      AC:  2    Str:  7    XL:     7   Next: 60%
Gold:   150        EV: 12    Int: 18    God:
                   SH:  0    Dex: 14

rFire   + + .        (no weapon)
rCold   x . .        (no shield)
rNeg    + . .        a - +0 robe
rPois   ∞            (no helmet)
rElec   .            (no cloak)
rCorr   .            (no gloves)
SInv    .            (boots unavailable)
Will    .....        (no amulet)
Stlth   ++           b - ring of positive energy
HPRegen 0.27/turn    (no ring)
MPRegen 0.00/turn

%: infuse magic (-8 HP)
@: flying
A: sickness immunity, fire resistance 2, cold vulnerability 1, float, innate
caster, HP casting, extra vitality 1
a: no special abilities


You were on level 4 of the Dungeon.
You visited 1 branch of the dungeon, and saw 5 of its levels.

You collected 150 gold pieces.

Inventory:

Armour
 a - a +0 robe (worn)
 f - an orb of guile
 o - a +0 ring mail
Jewellery
 b - a ring of positive energy (left hand)
 q - a ring of fire
Scrolls
 c - 4 scrolls of identify {unknown}
 d - 2 scrolls of poison {unknown}
 g - a scroll of revelation {unknown}
 i - a scroll of teleportation {unknown}
 l - a scroll of fog {unknown}
Potions
 e - 2 potions of curing {unknown}
 h - a potion of mutation {unknown}
 j - a potion of brilliance {unknown}
 k - a potion of might {unknown}
 m - a potion of ambrosia {unknown}
 n - a potion of haste {unknown}
 p - 2 potions of lignification {unknown}


   Skills:
 - Level 2.1 Dodging
 - Level 1.5 Stealth
 + Level 6.7 Spellcasting
 + Level 6.7 Conjurations
 + Level 6.7 Hexes
   Level 0.0 Charms
 + Level 6.7 Summonings
 + Level 6.7 Necromancy
 + Level 6.7 Translocations
   Level 0.0 Transmutations
 + Level 6.7 Fire Magic
 + Level 6.7 Ice Magic
 + Level 6.7 Air Magic
 + Level 6.7 Earth Magic
 + Level 6.7 Alchemy


You knew the following spells:

 Your Spells              Type           Power      Damage    Failure   Level
a - Shock                 Conj/Air       100%       1d9       1%          1
b - Static Discharge      Conj/Air       60%        3-6/arc   1%          2
c - Swiftness             Air            30%        N/A       1%          3
d - Airstrike             Air            15%        2d(3-19)  7%          4
e - Necrotise             Necr           100%       1d9       1%          1
f - Momentum Strike       Conj/Tloc      60%        3d9       1%          2
g - Frozen Ramparts       Ice            60%        1d10      1%          3
Your spell library was empty.

Dungeon Overview and Level Annotations

Branches:
Dungeon (5/15)
 Temple: D:4-7

Altars:
Fedhas
Gozag
Trog
Wu Jian


Innate Abilities, Weirdness & Mutations

You are immune to sickness and miasma.
You are immune to poison.
Your flesh is very heat resistant. (rF++)
You are vulnerable to cold. (rC-)
You float through the air rather than walking.
You learn spells naturally, not from books.
Your magical power is your life essence.
You have superior vitality. (+4 MHP)


Message History

The gnoll bouda is heavily wounded.
The lightning grounds out.
* * * LOW HITPOINT WARNING * * *
The gnoll bouda barely misses you.
Unknown command.
Casting: Static Discharge (safe; 1% risk of failure)
Confirm with . or Enter, or press ? or * to list all spells.
The gnoll bouda is struck by an arc of lightning.
The gnoll bouda is almost dead.
You are struck by an arc of lightning.
* * * LOW HITPOINT WARNING * * *
The gnoll bouda is struck by an arc of lightning.
The gnoll bouda is almost dead.
You are struck by an arc of lightning.
* * * LOW HITPOINT WARNING * * *
The lightning grounds out.
* * * LOW HITPOINT WARNING * * *
The gnoll bouda prays to its god.
The gnoll bouda is healed somewhat.
Casting: Static Discharge (safe; 1% risk of failure)
Confirm with . or Enter, or press ? or * to list all spells.
The gnoll bouda is struck by an arc of lightning.
The gnoll bouda is severely wounded.
You are struck by an arc of lightning.
* * * LOW HITPOINT WARNING * * *
The lightning grounds out.
* * * LOW HITPOINT WARNING * * *
The gnoll bouda hits you with a +0 whip!
* * * LOW HITPOINT WARNING * * *
Unknown command.
Casting: Static Discharge (safe; 1% risk of failure)
Confirm with . or Enter, or press ? or * to list all spells.
The gnoll bouda is struck by an arc of lightning.
The gnoll bouda is severely wounded.
You are struck by an arc of lightning.
* * * LOW HITPOINT WARNING * * *
The lightning grounds out.
* * * LOW HITPOINT WARNING * * *
The gnoll bouda hits you with a +0 whip!
You die...

#..# #....# #..# #....#
#..#########
#..#...[....
###..#.#################
#..................†....
#.##.##.################
#.##....g....<.
#.....)@#######
#####..## ##)# #.) ###.
.. .. #.. ...


You could see a gnoll bouda.

Vanquished Creatures
  2 black bears (D:4)
  An ogre (D:4)
  A phantom (D:4)
  A sleepcap (D:4)
  4 gnolls (D:4)
  2 river rats (D:4)
  6 adders
  3 dart slugs
  2 ribbon worms
  3 orcs (D:4)
  3 endoplasms
  7 giant cockroaches
  7 goblins
  3 hobgoblins
  13 jackals
  5 kobolds
  5 quokkas
  5 ball pythons
  5 bats
  5 frilled lizards
  8 rats
91 creatures vanquished.

Vanquished Creatures (others)
  An arcanist (D:3)
1 creature vanquished.

Grand Total: 92 creatures vanquished

Notes
Turn   | Place    | Note
-------+----------+-------------------------------------------
     0 | D:1      | lunkers the Djinni Air Elementalist began the quest for the
                  | Orb.
     0 | D:1      | lunkers set off with the following spells memorised: Shock,
                  | Static Discharge, Swiftness, Airstrike.
     0 | D:1      | Reached XP level 1. HP: 15/15 MP: 0/0
   149 | D:1      | Reached XP level 2. HP: 19/21 MP: 0/0
   359 | D:1      | Reached XP level 3. HP: 24/25 MP: 0/0
   359 | D:1      | Learned a level 1 spell: Necrotise
   997 | D:2      | Reached XP level 4. HP: 27/31 MP: 0/0
  1482 | D:2      | Found a bloodstained altar of Trog.
  2212 | D:3      | Found a bloodstained altar of Trog.
  2213 | D:3      | Noticed a wizard
  2219 | D:3      | Killed a wizard
  2491 | D:3      | Reached XP level 5. HP: 35/35 MP: 0/0
  2491 | D:3      | Learned a level 2 spell: Momentum Strike
  2858 | D:4      | Noticed a phantom
  2867 | D:4      | Killed a phantom
  2868 | D:4      | Reached skill level 5 in Spellcasting
  2868 | D:4      | Reached skill level 5 in Conjurations
  2868 | D:4      | Reached skill level 5 in Hexes
  2868 | D:4      | Reached skill level 5 in Summonings
  2868 | D:4      | Reached skill level 5 in Necromancy
  2868 | D:4      | Reached skill level 5 in Translocations
  2868 | D:4      | Reached skill level 5 in Fire Magic
  2868 | D:4      | Reached skill level 5 in Ice Magic
  2868 | D:4      | Reached skill level 5 in Air Magic
  2868 | D:4      | Reached skill level 5 in Earth Magic
  2868 | D:4      | Reached skill level 5 in Alchemy
  3005 | D:4      | Found a blossoming altar of Fedhas.
  3013 | D:4      | Found an ornate altar of the Wu Jian Council.
  3015 | D:4      | Found an opulent altar of Gozag.
  3015 | D:4      | Noticed a black bear
  3020 | D:4      | Killed a black bear
  3021 | D:4      | Reached XP level 6. HP: 32/40 MP: 0/0
  3347 | D:4      | Noticed an ogre
  3352 | D:4      | Killed an ogre
  3353 | D:4      | Reached XP level 7. HP: 41/45 MP: 0/0
  3353 | D:4      | Learned a level 3 spell: Frozen Ramparts
  3419 | D:4      | HP: 2/45 [black bear (2)]
  3587 | D:4      | You are sucked into a shaft and drop 1 floor!
  3587 | D:5      | Entered Level 5 of the Dungeon
  4093 | D:4      | Mangled by a gnoll bouda

Illustrated notes

Levels and vault maps discovered:
D:1:      lemuel_arrival_muddy, layout_loops_cross
D:2:      layout_loops_corners, basic_altar, serial_forest,
          infiniplex_forest_lined_2, infiniplex_forest_lined_4_way,
          infiniplex_forest_corner_2, infiniplex_forest_clump_C,
          infiniplex_forest_lined_ring, infiniplex_forest_lined_room_,
          infiniplex_forest_pool
D:3:      layout_basic, trog_wizard
D:4:      layout_basic, nicolae_overflow_macrodata_refinement,
          gup_sewer_entry_spiral
D:5:      layout_gridville, minmay_misc_feat_secret_circle,
          minmay_divided_ellipse

Skill      XL: |  1  2  3  4  5  6 |
---------------+-------------------+-----
Spellcasting   | 4 5 6 |  6.7
Conjurations   | 4 5 6 |  6.7
Hexes          | 4 5 6 |  6.7
Summonings     | 4 5 6 |  6.7
Necromancy     | 4 5 6 |  6.7
Translocations | 4 5 6 |  6.7
Fire Magic     | 4 5 6 |  6.7
Ice Magic      | 4 5 6 |  6.7
Air Magic      | 4 5 6 |  6.7
Earth Magic    | 4 5 6 |  6.7
Alchemy        | 4 5 6 |  6.7
Dodging        | |  2.1
Stealth        | |  1.5

Action                     |  1- 3 |  4- 6 |  7- 9 || total
---------------------------+-------+-------+-------++-------
  Melee: Unarmed           |       |     1 |    11 ||    12
         Punch             |       |       |     1 ||     1
   Cast: Shock             |    68 |    63 |    39 ||   170
         Static Discharge  |       |    14 |    19 ||    33
    Use: Scroll            |     1 |       |       ||     1
   Stab: Sleeping          |       |       |     1 ||     1
 Armour: Robe              |     8 |    25 |    42 ||    75
  Dodge: Dodged            |     6 |     4 |    16 ||    26

Table legend: (Time is in decaauts)
 A = Elapsed time spent in this place.
 B = Non-inter-level travel time spent in this place.
 C = Inter-level travel time spent in this place.
 D = Time resting spent in this place.
 E = Time spent auto-exploring this place.
 F = Levels seen in this place.
 G = Mean time per level.
                   A        B        C        D        E       F      G
               +--------+--------+--------+--------+--------+-----+--------+
         Total |   4092 |   4024 |     68 |      0 |   3512 |   5 |  818.4 |
       Dungeon |   4092 |   4024 |     68 |      0 |   3512 |   5 |  818.4 |
               +--------+--------+--------+--------+--------+-----+--------+

Top non-repeatable levels by time:
     D:4: 1251 daAuts
     D:2: 1171 daAuts
     D:1: 837 daAuts
     D:3: 793 daAuts
     D:5: 37 daAuts
